 Dungeon Crawl Stone Soup version 0.32-a0-673-g3729bd50f8 (webtiles) character file.

Game seed: 9755785613880794874

23 djent the Cutter (level 2, 0/18 HPs)
             Began as a Deep Elf Fighter on Mar 11, 2024.
             Slain by a jackal (2 damage)
             ... on level 1 of the Dungeon.
             The game lasted 00:02:09 (204 turns).

djent the Cutter (Deep Elf Fighter)                  Turns: 204, Time: 00:02:10

Health: 0/18       AC:  7    Str: 13    XL:     2   Next: 72%
Magic:  4/4        EV:  9    Int: 12    God:
Gold:   34         SH:  5    Dex: 20    Spells: 1/1 levels left

rFire   . . .        a - +0 rapier
rCold   . . .        c - +0 buckler
rNeg    . . .        b - +0 scale mail
rPois   .            e - +0 helmet
rElec   .            (no cloak)
rCorr   .            (no gloves)
SInv    .            (no boots)
Will    .....        (no amulet) Stlth
                     d - +6 ring of dexterity
HPRegen 0.23/turn    (no ring)
MPRegen 0.09/turn

%: no passive effects
@: no status effects
A: no striking features
a: no special abilities


You were on level 1 of the Dungeon.
You visited 1 branch of the dungeon, and saw 2 of its levels.

You collected 34 gold pieces.

Inventory:

Hand Weapons
 a - a +0 rapier (weapon)
Armour
 b - a +0 scale mail (worn)
 c - a +0 buckler (worn)
 e - a +0 helmet (worn)
Jewellery
 d - a +6 ring of dexterity (left hand)


   Skills:
 + Level 2.6 Fighting
 * Level 2.7 Short Blades
 - Level 2.4 Armour
 + Level 1.2 Dodging
 - Level 2.4 Shields


You had one spell level left.
You didn't know any spells.
Your spell library was empty.

Dungeon Overview and Level Annotations

Branches:
Dungeon (2/15)

Altars:


Message History

You puncture the frilled lizard!
You kill the frilled lizard!
The jackal barely misses you. You block the hobgoblin's attack.
You barely miss the jackal. The jackal completely misses you.
You block the goblin's attack.
The hobgoblin hits you but does no damage.
The jackal barely misses you.
Press: ? - help, v - describe, . - travel The floor.
You hit the goblin.
The goblin is moderately wounded.
The goblin hits you with a +0 dagger.
* * * LOW HITPOINT WARNING * * *
You block the jackal's attack.
The hobgoblin hits you but does no damage.
You hit the goblin.
The goblin is moderately wounded.
The jackal closely misses you. You block the goblin's attack.
The hobgoblin closely misses you. The jackal bites you.
* * * LOW HITPOINT WARNING * * *
You hit the goblin.
You kill the goblin!
You block the hobgoblin's attack. The jackal barely misses you.
Press: ? - help, v - describe, . - travel The floor.
You hit the hobgoblin.
You kill the hobgoblin!
The jackal bites you but does no damage.
Press: ? - help, v - describe, . - travel The floor.
You miss the jackal. The jackal closely misses you.
The frilled lizard closely misses you.
The jackal bites you but does no damage.
You hit the jackal.
The jackal is moderately wounded.
The jackal closely misses you. The frilled lizard barely misses you.
You closely miss the jackal.
The jackal is moderately wounded.
The jackal bites you.
You die...

..#####..
##.### #.$.
#.# #.##.
#.# #.#
#...# #.#
##.. ...
... ....
######....#
#..@....#
#.hl)...#
#.......#
#.......#
#.......#
..#######
... ...#
...


You could see a jackal and a frilled lizard.

Vanquished Creatures
  A dart slug (D:1)
  An endoplasm (D:2)
  3 giant cockroaches
  2 hobgoblins (D:1)
  5 jackals (D:1)
  A ball python (D:1)
  A frilled lizard (D:1)
  3 goblins
17 creatures vanquished.

Notes
Turn   | Place    | Note
-------+----------+-------------------------------------------
     0 | D:1      | djent the Deep Elf Fighter began the quest for the Orb.
     0 | D:1      | Reached XP level 1. HP: 13/13 MP: 3/3
    82 | D:1      | Reached XP level 2. HP: 14/18 MP: 4/4
   135 | D:1      | You fall into a shaft and drop 1 floor!
   136 | D:2      | thanks devs
   136 | D:2      | D:1 shaft, classic
   146 | D:2      | Reached skill level 1 in Dodging
   204 | D:1      | Slain by a jackal

Illustrated notes

.< .# .### ...
.. .# ##.####..
#@.......
#............#
...........$..+
.#.#.##..=....#
..... #.#.....#
..# #.......#
.#. #.......# #
#.......#


Turn 136 on D:2: thanks devs

Levels and vault maps discovered:
D:1:      eino_arrival_druids_welcome, layout_rooms
D:2:      layout_basic, serial_shops, shop, shop, nicolae_shop_hallway_plus,
          hex_large

Skill      XL: |  1  2 |
---------------+-------+-----
Dodging        | 1 |  1.2
Fighting       | |  2.6
Short Blades   | |  2.7
Armour         | |  2.4
Shields        | |  2.4

Action                     || total
---------------------------++-------
  Melee: Rapier            ||    58
    Use: Potion            ||     1
 Armour: Scale mail        ||    52
  Dodge: Dodged            ||    44
  Block: Buckler           ||    32

Table legend: (Time is in decaauts)
 A = Elapsed time spent in this place.
 B = Non-inter-level travel time spent in this place.
 C = Inter-level travel time spent in this place.
 D = Time resting spent in this place.
 E = Time spent auto-exploring this place.
 F = Levels seen in this place.
 G = Mean time per level.
                   A        B        C        D        E       F      G
               +--------+--------+--------+--------+--------+-----+--------+
         Total |    209 |    205 |      4 |      0 |     92 |   2 |  104.5 |
       Dungeon |    209 |    205 |      4 |      0 |     92 |   2 |  104.5 |
               +--------+--------+--------+--------+--------+-----+--------+

Top non-repeatable levels by time:
     D:1: 158 daAuts
     D:2: 50 daAuts
